 Dungeon Crawl Stone Soup version 0.19-a0-1457-g32fba05 (webtiles) character file.

15327 JustSomeDude the Protected (level 12, -9/89 HPs)
             Began as a Demonspawn Fighter on Sept 5, 2016.
             Was the Champion of Ru.
             Mangled by an orc wizard
             ... wielding a +1 dagger of electrocution
              (20 damage)
             ... on level 11 of the Dungeon on Sept 6, 2016.
             The game lasted 00:39:01 (9372 turns).

JustSomeDude the Protected (Demonspawn Fighter)     Turns: 9372, Time: 00:39:03

Health: -9/89      AC: 17    Str: 27    XL:     12   Next: 0%
Magic:  9/12       EV: 10    Int: 12    God:    Ru [******]
Gold:   648        SH: 11    Dex: 13    Spells: 0 memorised, 11 levels left

rFire  . . .     SeeInvis .     a - +1 trident
rCold  . . .     Gourm    .     O - +2 leather armour of Noteoplo {Str+7}
rNeg   . . .     Faith    .     c - +0 shield
rPois  .         Spirit   .     m - +0 helmet
rElec  .         Dismiss  .     n - +0 cloak
rCorr  .         Reflect  .     d - +0 pair of gloves
MR     .....     Harm     .     (no boots)
Stlth  ++++......               e - amulet of magic regeneration
                                (no ring)
                                B - +4 ring of dexterity

@: lethally poisoned (-9 -> -11), exhausted, no scrolls, drained
A: talons 2, rough black scales 3, nightstalker 2, spiny 1, inability to read
while threatened, inability to use devices, reduced EV 1, unskilled 1
a: Draw Out Power, Power Leap, Apocalypse, Renounce Religion


You were on level 11 of the Dungeon.
You worshipped Ru.
Ru was exalted by your worship.
You were not hungry.

You visited 1 branch of the dungeon, and saw 11 of its levels.
You also visited: Ossuary.

You collected 648 gold pieces.

Inventory:

Hand Weapons
 a - a +1 trident (weapon)
 x - a +0 great sword of distortion
Missiles
 A - 6 javelins (quivered)
Armour
 c - a +0 shield (worn)
 d - a +0 pair of gloves (worn)
 i - a troll hide
 m - a +0 helmet (worn)
 n - a +0 cloak (worn)
 r - a +2 plate armour of magic resistance
 w - a +1 scale mail of magic resistance
 O - the +2 leather armour of Noteoplo (worn) {Str+7}
   (You found it on level 8 of the Dungeon)

   It affects your strength (+7).
Jewellery
 e - an amulet of magic regeneration (around neck)
 o - an uncursed ring of ice
 u - an uncursed ring of fire
 B - a +4 ring of dexterity (left hand)
Scrolls
 j - a scroll of remove curse
 k - a scroll of fog
 p - 4 scrolls of identify
 q - a scroll of teleportation
 v - 2 scrolls of fear
 y - a scroll of enchant armour
 D - a scroll of torment {unknown}
 H - 3 scrolls of enchant weapon
 K - 2 scrolls of blinking
 L - 2 scrolls of recharging
 N - 2 scrolls of vulnerability
Potions
 g - a potion of curing
 h - a potion of magic
 s - a potion of cancellation
 z - 2 potions of flight
 J - a potion of beneficial mutation {unknown}
 M - a potion of lignification {unknown}
Comestibles
 b - 3 chunks of flesh
 f - 12 bread rations
 l - 3 fruits
 t - a beef jerky
 C - 5 meat rations


   Skills:
 + Level 6.8(5.5) Fighting
 + Level 7.4(6.2) Polearms
 + Level 0.1(0.0) Throwing
 * Level 8.7(7.4) Armour
 + Level 7.4(6.2) Dodging
 + Level 5.4(4.2) Stealth
 + Level 6.7(5.4) Shields


You had 11 spell levels left.
You didn't know any spells.

Dungeon Overview and Level Annotations

Branches:
Dungeon (11/15)            Temple (0/1) D:4            Lair (0/6) D:11
    Orc (0/2) D:9

Altars:
Cheibriados
Fedhas
Gozag
Kikubaaqudgha
Makhleb
Nemelex Xobeh
Ru
Vehumet
Xom
Zin

Shops:
D:5 (*=?   D:9 [   D:11 (


Innate Abilities, Weirdness & Mutations

You have razor-sharp toenails.
You are completely covered in rough black scales. (AC +8, Dex -3)
You are significantly more attuned to the shadows.
You are partially covered in sharp spines.
You cannot read scrolls while threatened.
You cannot study or use magical devices.
You have somewhat slow reflexes. (EV -3)
You are somewhat unskilled. (-1 Apt)


Message History

You feel sick.
You feel sick.
You can read scrolls again.
You feel sick.
The yaktaur captain wields an arbalest.
The yaktaur captain shoots a bolt.
You block the bolt.
You see here a bolt.
You feel sick.
You feel sick.
You feel sick.
You feel sick.
The orc wizard begins to cast a spell, but is stunned by your will!
You feel sick. You block the orc wizard's attack.
You barely miss the orc wizard.
You claw the orc wizard, but do no damage.
You feel sick.
The orc wizard hits you but does no damage.
You are electrocuted!
You feel threatened and lose the ability to read scrolls!
You die...

#.......# #..#..###.....
#.......# #..#<.# #.....
#.......# #..#..###.c...
#.......# #..#..........
#.......# #..#..........
#.......# #..#.........)
#.......###.............
#..............(........
#.....o@)..(............
#.......###.........>...
#.......# #.............
#.......# #.............
#.......# #.............
#.......# #.............
.......# ..........
.......# ......[...
...#...###


You could see an orc wizard.

Vanquished Creatures
  A deep elf annihilator (D:11)
  Snorg (D:11)
  A deep troll earth mage (D:11)
  Urug (D:11)
  An unseen horror (D:9)
  The ghost of Ishikai the Grappler, a novice TrWr of Okawaru (D:7)
  A hill giant (D:11)
  2 griffons (D:11)
  A cyclops (D:11)
  A gargoyle (D:11)
  A kobold demonologist (D:11)
  A troll (D:11)
  Eustachio (D:4)
  A spriggan (D:7)
  2 wyverns
  13 yaks
  A hippogriff (D:11)
  2 hungry ghosts
  A black bear (D:6)
  5 orc warriors
  A sky beast (D:5)
  4 ice beasts
  3 phantoms
  An eye of draining (D:11)
  5 ogres
  7 centaurs
  4 elf zombies (Ossuary)
  A crocodile (D:7)
  A big kobold (D:9)
  3 giant frogs
  3 wyvern skeletons
  3 scorpions
  5 killer bees (D:7)
  4 wights
  2 howler monkeys (D:11)
  4 crimson imps
  3 human zombies (Ossuary)
  2 hounds
  3 orc priests
  6 centaur zombies
  5 jellies
  2 centaur skeletons
  A gnoll shaman (D:6)
  Ijyb (D:2)
  Terence (D:2)
  3 iguanas
  8 orc wizards
  6 worker ants
  A howler monkey zombie (D:6)
  3 mummies (Ossuary)
  A worker ant zombie (D:11)
  11 gnolls
  7 adders
  4 shadow imps
  An ooze (D:3)
  An adder skeleton (D:9)
  4 worms
  2 dart slugs
  2 giant geckos (D:3)
  24 orcs
  4 giant cockroaches
  8 goblins
  A hobgoblin (D:3)
  19 jackals
  A quokka (D:4)
  9 bats
  3 giant gecko skeletons
  5 giant newts
  9 kobolds
  3 rats
254 creatures vanquished.

Vanquished Creatures (others)
  The ghost of slayr the Destroyer, a novice TeFE of Vehumet (D:9)
  A gargoyle (D:10)
  A two-headed ogre (D:11)
  A hungry ghost (D:10)
  A scorpion (D:9)
  2 hounds (D:10)
  2 orc wizards
  4 orcs
  A jackal (D:3)
  A kobold (D:9)
15 creatures vanquished.

Grand Total: 269 creatures vanquished

Notes
Turn   | Place    | Note
-------+----------+-------------------------------------------
     0 | D:1      | JustSomeDude the Demonspawn Fighter began the quest for the Orb.
     0 | D:1      | Reached XP level 1. HP: 18/18 MP: 1/1
   242 | D:1      | Gained mutation: You have sharp toenails. [demonic ancestry]
   242 | D:1      | Reached XP level 2. HP: 13/24 MP: 2/2
   411 | D:1      | Reached skill level 3 in Armour
   779 | D:2      | Found a blossoming altar of Fedhas.
   969 | D:2      | Gained mutation: You are partially covered in rough black scales. (AC +2, Dex -1) [demonic ancestry]
   969 | D:2      | Reached XP level 3. HP: 29/29 MP: 3/3
  1017 | D:2      | Noticed Ijyb
  1035 | D:2      | Killed Ijyb
  1035 | D:2      | Reached skill level 1 in Dodging
  1044 | D:2      | Found a faded altar of an unknown god.
  1080 | D:2      | Became a worshipper of Ru the Awakened
  1093 | D:2      | Gained mutation: You cannot read scrolls while threatened. [Ru sacrifice]
  1093 | D:2      | Reached * piety under Ru
  1239 | D:2      | Noticed Terence
  1254 | D:2      | Killed Terence
  1254 | D:2      | Reached XP level 4. HP: 35/35 MP: 4/4
  1558 | D:3      | Found a sparkling altar of Nemelex Xobeh.
  1690 | D:3      | Gained mutation: You are partially covered in sharp spines. [demonic ancestry]
  1690 | D:3      | Reached XP level 5. HP: 39/41 MP: 5/5
  2034 | D:3      | Found a glowing silver altar of Zin.
  2275 | D:4      | Noticed Eustachio
  2319 | D:4      | Killed Eustachio
  2319 | D:4      | Reached skill level 4 in Armour
  2319 | D:4      | Gained mutation: You have razor-sharp toenails. [demonic ancestry]
  2319 | D:4      | Reached XP level 6. HP: 17/47 MP: 6/6
  2359 | D:4      | Found a staircase to the Ecumenical Temple.
  2642 | D:4      | Reached XP level 7. HP: 37/53 MP: 7/7
  3130 | D:5      | Entered Level 5 of the Dungeon
  3158 | D:5      | Reached skill level 5 in Armour
  3158 | D:5      | Reached skill level 1 in Stealth
  3195 | D:5      | Found Joraig's General Store.
  3253 | D:5      | Found Huvul's Jewellery Boutique.
  3363 | D:5      | Found a sand-covered staircase.
  3368 | Ossuary  | Entered an ossuary
  3496 | Ossuary  | Gained mutation: You are mostly covered in rough black scales. (AC +5, Dex -2) [demonic ancestry]
  3496 | Ossuary  | Reached XP level 8. HP: 38/61 MP: 8/8
  3516 | Ossuary  | Gained mutation: You are somewhat unskilled. (-1 Apt) [Ru sacrifice]
  3516 | Ossuary  | Reached ** piety under Ru
  3516 | Ossuary  | Reached *** piety under Ru
  3808 | D:5      | Found a snail-covered altar of Cheibriados.
  3857 | D:5      | Found Imapits's Magic Scroll Boutique.
  4066 | D:5      | Found Ziumomni's Weapon Shoppe.
  4241 | D:6      | Gained mutation: You are completely covered in rough black scales. (AC +8, Dex -3) [demonic ancestry]
  4241 | D:6      | Reached XP level 9. HP: 24/66 MP: 9/9
  4250 | D:6      | Found a sacrificial altar of Ru.
  4287 | D:6      | Found an opulent altar of Gozag.
  4371 | D:6      | Reached skill level 6 in Armour
  4480 | D:6      | Found a shimmering altar of Xom.
  4835 | D:6      | Found a shimmering altar of Xom.
  4836 | D:6      | Found a burning altar of Makhleb.
  4931 | D:6      | Reached skill level 5 in Polearms
  5220 | D:7      | Noticed Ishikai's ghost (novice TrWr)
  5250 | D:7      | Killed Ishikai's ghost
  5250 | D:7      | Reached skill level 5 in Fighting
  5250 | D:7      | Reached skill level 5 in Shields
  5591 | D:7      | Gained mutation: You cannot study or use magical devices. [Ru sacrifice]
  5591 | D:7      | Reached **** piety under Ru
  5591 | D:7      | Reached ***** piety under Ru
  5842 | D:7      | Reached skill level 5 in Dodging
  6040 | D:8      | Reached skill level 7 in Armour
  6042 | D:8      | Gained mutation: You are slightly more attuned to the shadows. [demonic ancestry]
  6042 | D:8      | Reached XP level 10. HP: 67/74 MP: 10/10
  6329 | D:8      | Found a radiant altar of Vehumet.
  6365 | D:8      | Got an opal-encrusted leather armour
  6366 | D:8      | Identified the +2 leather armour of Noteoplo {Str+7} (You found it on level 8 of the Dungeon)
  6631 | D:9      | Killed an unseen horror
  6642 | D:9      | Found an ancient bone altar of Kikubaaqudgha.
  6667 | D:9      | Found a staircase to the Orcish Mines.
  6699 | D:9      | Noticed slayr's ghost (novice TeFE)
  6747 | D:9      | Killed slayr's ghost
  6770 | D:9      | Found Ceraf's Armour Boutique.
  7004 | D:10     | Entered Level 10 of the Dungeon
  7223 | D:10     | Noticed a gargoyle
  7231 | D:10     | Killed a gargoyle
  7324 | D:10     | Gained mutation: You have somewhat slow reflexes. (EV -3) [Ru sacrifice]
  7324 | D:10     | Reached ****** piety under Ru
  7680 | D:11     | Noticed an orange demon
  7748 | D:11     | Noticed a gargoyle
  7780 | D:11     | HP: 3/76 [gargoyle/stone arrow (18)]
  7792 | D:11     | Killed a gargoyle
  7792 | D:11     | Reached XP level 11. HP: 48/81 MP: 11/11
  7819 | D:11     | Noticed a hill giant
  7820 | D:11     | Noticed a griffon
  7820 | D:11     | Noticed a red ugly thing
  7871 | D:11     | Noticed a purple ugly thing
  8072 | D:11     | Found a staircase to the Lair.
  8100 | D:11     | Reached skill level 8 in Armour
  8312 | D:11     | Found Nel Hu Amun's Antique Weapon Shop.
  8410 | D:11     | Noticed Snorg
  8411 | D:11     | Killed a griffon
  8441 | D:11     | Killed Snorg
  8584 | D:11     | Noticed Urug
  8678 | D:11     | Killed Urug
  8708 | D:11     | Noticed a deep troll earth mage
  8708 | D:11     | Noticed a frost giant
  8708 | D:11     | Noticed a deep troll
  8708 | D:11     | Noticed a phantasmal warrior
  8708 | D:11     | Noticed an ettin
  8708 | D:11     | Noticed a yaktaur captain
  8731 | D:11     | Noticed a griffon
  8751 | D:11     | Killed a griffon
  9015 | D:10     | Upgraded the game from 0.19-a0-1442-g3b32ff5 to 0.19-a0-1457-g32fba05
  9147 | D:11     | Reached skill level 5 in Stealth
  9194 | D:11     | HP: 4/83 [deep troll earth mage (2)]
  9206 | D:11     | Killed a deep troll earth mage
  9350 | D:11     | Noticed a deep elf annihilator
  9352 | D:11     | Killed a hill giant
  9355 | D:11     | Killed a deep elf annihilator
  9355 | D:11     | Gained mutation: You are significantly more attuned to the shadows. [demonic ancestry]
  9355 | D:11     | Reached XP level 12. HP: 23/89 MP: 12/12
  9372 | D:11     | Mangled by an orc wizard

Vault maps used:
D:1:      arrival_zaba_pyramid
D:2:      ecumenical_altar_2, fedhas_altar_fruit_tree, uniq_iyjb, uniq_terence
D:3:      overflow_temple_1_default, nicolae_overflow_crystal_walls
D:4:      uniq_eustachio
D:5:      old_standard_altar, first_bread, enter_ossuary_2, serial_shops, shop,
          shop, nicolae_shop_crystal, shop_statue, kennysheep_pointless_box
D:6:      grunt_temple_overflow_champion_of_chaos, grunt_gozag_breadcrumbs,
          nicolae_ru_path_of_blood, dk_noncrumbling_3, xom_teletrap_fun
D:7:      the_bakery
D:8:      fiery_altar_vehumet, serial_curves, eino_curves_02, eino_curves_01
D:9:      nicolae_whirlpool, kennysheep_little_box, orc_david_3
D:11:     dpeg_lair_monsters, serial_shops, kennysheep_mini,
          minmay_the_grid_3x2, uniq_urug, uniq_snorg
Ossuary:  ossuary_minmay_four_chambers

Skill      XL: |  1  2  3  4  5  6  7  8  9 10 11 |
---------------+----------------------------------+-----
Polearms       | 2 3 4 4 5 6 7 |  7.4
Armour         | 3 4 5 7 8 |  8.7
Dodging        | 1 2 3 4 5 6 7 |  7.4
Shields        | 3 4 4 5 6 |  6.7
Fighting       | 4 5 6 |  6.8
Stealth        | 1 2 3 5 |  5.4
Throwing       | |  0.1

Action                   |  1- 3 |  4- 6 |  7- 9 | 10-12 || total
-------------------------+-------+-------+-------+-------++-------
Melee: Trident           |   137 |   187 |   547 |   561 ||  1432
       Kick              |    10 |    42 |   141 |   200 ||   393
Throw: Javelin           |       |       |       |     2 ||     2
Invok: Sacrifice Words   |     1 |       |       |       ||     1
       Sacrifice Skill   |       |       |     1 |       ||     1
       Draw Out Power    |       |       |     1 |       ||     1
       Sacrifice Artific |       |       |     1 |       ||     1
       Sacrifice Health  |       |       |       |     1 ||     1
       Power Leap        |       |       |       |     1 ||     1
       Apocalypse        |       |       |       |     1 ||     1
  Use: Potion            |       |     1 |     4 |    30 ||    35
       Scroll            |       |       |     9 |     9 ||    18
 Stab: Invisible         |       |       |     5 |    10 ||    15
       Paralysed         |       |       |       |    21 ||    21
       Sleeping          |       |       |       |     6 ||     6
       Distracted        |       |       |       |     4 ||     4
  Eat: Chunk             |     1 |     4 |    12 |     9 ||    26
       Fruit             |       |     1 |       |       ||     1
       Meat ration       |       |       |       |     1 ||     1
       Pizza             |       |       |       |     1 ||     1
Armor: Scale mail        |    74 |    49 |   178 |    31 ||   332
       Leather armour    |       |       |       |   102 ||   102
Dodge: Dodged            |    43 |    50 |   114 |   147 ||   354
Block: Shield            |    58 |    62 |   183 |   210 ||   513
